 Dungeon Crawl Stone Soup version 0.31-a0-881-ge136f0c47a (webtiles) character file.

Game seed: 15791041349609107282

30009 demibob the Brawler (level 13, -7/99 HPs)
             Began as a Troll Chaos Knight on Oct 16, 2023.
             Was a Plaything of Xom.
             Mangled by a ten-headed hydra (8 damage)
             ... on level 3 of the Lair of Beasts.
             The game lasted 00:27:08 (12336 turns).

demibob the Brawler (Troll Chaos Knight)           Turns: 12336, Time: 00:27:09

Health: -7/99      AC:  5    Str: 25    XL:     13   Next: 18%
Magic:  12/12      EV:  9    Int:  8    God:    Xom [..*...]
Gold:   978        SH: 11    Dex: 13    Spells: 12/12 levels left

rFire   . .          .
                       - Unarmed
rCold   + + +        A - +0 kite shield
rNeg    . . .        k - +0 robe "Iburph" {rC++ Str+2 Slay+3}
rPois   .            (helmet restricted)
rElec   .            q - +0 cloak
rCorr   .            (gloves unavailable)
SInv    .            (boots unavailable)
Will    .....        v - amulet of the acrobat
Stlth   +            (no ring)
HPRegen 1.96/turn    (no ring)
MPRegen 0.13/turn

%: acrobat, clarity
@: no status effects
A: large, unfitting armour, claws 3, regeneration 2, shaggy fur 1, tough skin 1,
hooves 1, clarity, cold resistance 1, frail 2, wild magic 1
a: Renounce Religion


You were on level 3 of the Lair of Beasts.
You worshipped Xom.
You were a toy of Xom.
You visited 3 branches of the dungeon, and saw 16 of its levels.
You also visited: Sewer and Ossuary.

You collected 1111 gold pieces.
You spent 133 gold pieces at shops.


Innate Abilities, Weirdness & Mutations

You are too large for most types of armour.
You have claws for hands.
You heal very quickly.
You are covered in fur. (AC +1)
You have tough skin. (AC +1)
You have large cloven feet.
You possess an exceptional clarity of mind.
Your flesh is cold resistant. (rC+)
You are very frail. (-20% HP)
Your spells are a little harder to cast, but a little more powerful.


   Skills:
 + Level 7.4 Fighting
 - Level 3.1 Dodging
 - Level 9.0 Shields
 + Level 18.3 Unarmed Combat


You had 12 spell levels left.
You didn't know any spells.
Your spell library contained the following spells:

 Spells                   Type           Power      Damage    Failure   Level
 Apportation              Tloc           0%         N/A       67%         1
 Kiss of Death            Conj/Necr      0%         2d5       67%         1
 Magic Dart               Conj           0%         1d3       67%         1
 Necrotise                Necr           0%         1d4       67%         1
 Summon Small Mammal      Summ           0%         N/A       67%         1
 Call Imp                 Summ           0%         N/A       82%         2
 Jinxbite                 Hex            0%         N/A       82%         2
 Scorch                   Fire           0%         2d5       82%         2
 Confusing Touch          Hex            0%         N/A       95%         3
 Dazzling Flash           Conj/Hex       0%         N/A       95%         3
 Hailstorm                Conj/Ice       0%         3d3       95%         3
 Mephitic Cloud           Conj/Pois/Air  0%         N/A       95%         3
 Volatile Blastmotes      Fire/Tloc      0%         2d10      95%         3
 Cause Fear               Hex            0%         N/A       100%        4
 Dispel Undead            Necr           0%         3d6       100%        4
 Flame Wave               Conj/Fire      0%         2d4       100%        4
 Summon Ice Beast         Ice/Summ       0%         N/A       100%        4
 Agony                    Necr           0%         N/A       100%        5
 Alistair's Intoxication  Tmut/Pois      0%         N/A       100%        5
 Fireball                 Conj/Fire      0%         3d3       100%        5
 Iskenderun's Battlesphe  Conj           0%         2d6       100%        5
 Summon Forest            Summ/Tloc      0%         N/A       100%        5
 Summon Mana Viper        Hex/Summ       0%         N/A       100%        5
 Bombard                  Conj/Erth      0%         9d1       100%        6
 Simulacrum               Ice/Necr       0%         N/A       100%        6
 Starburst                Conj/Fire      0%         6d3       100%        6
 Summon Cactus Giant      Summ           0%         N/A       100%        6
 Haunt                    Necr/Summ      0%         N/A       100%        7
 Spellforged Servitor     Conj/Summ      0%         N/A       100%        7
 Infestation              Necr           0%         N/A       100%        8
 Maxwell's Capacitive Co  Air            0%         ∞         100%        8
 Dragon's Call            Summ           0%         N/A       100%        9

Inventory:

Missiles
 d - 4 throwing nets {=f}
 f - 4 curare-tipped darts (quivered) {=f}
 w - 6 darts of dispersal {=f}
Armour
 k - the +0 robe "Iburph" (worn) {rC++ Str+2 Slay+3}
   (You found it on level 2 of the Dungeon)

   Str+2:     It affects your strength (+2).
   Slay+3:    It affects your accuracy & damage with ranged weapons and melee
   (+3).
   rC++:      It greatly protects you from cold.
 q - a +0 cloak (worn)
 A - a +0 kite shield (worn)
Jewellery
 t - an amulet of magic regeneration
 v - an amulet of the acrobat (around neck)
Wands
 g - a wand of flame (37)
 l - a wand of roots (8)
 z - a wand of light (20)
 B - a wand of paralysis (11)
 F - a wand of mindburst (6)
 I - a wand of digging (4)
Scrolls
 b - 2 scrolls of butterflies
 i - a scroll of vulnerability
 m - 3 scrolls of revelation
 r - a scroll of immolation
 u - 3 scrolls of enchant armour
 y - 2 scrolls of teleportation {@r2}
 C - 2 scrolls of enchant weapon
 D - 2 scrolls of fear
 E - 2 scrolls of poison
 G - 2 scrolls of identify {@r1}
 H - 2 scrolls of amnesia
 L - 2 scrolls of fog
Potions
 a - 2 potions of attraction
 c - 2 potions of enlightenment
 e - 6 potions of magic
 h - 3 potions of lignification
 j - 2 potions of mutation
 n - 3 potions of resistance
 o - a potion of haste {@q3}
 p - a potion of invisibility
 s - 2 potions of cancellation
 x - 2 potions of brilliance
 J - 10 potions of ambrosia
 K - 2 potions of curing {@q1}

Dungeon Overview and Level Annotations

Branches:
Dungeon (11/15)            Temple (1/1) D:4            Lair (4/5) D:11
 Shoals (0/4) Lair:2          Orc (0/2) D:9           Sewer (visited)
Ossuary (visited)
  Snake: Lair:2-3    Spider: Lair:2-3     Slime: Lair:4-5

Altars:
Ashenzari
Cheibriados
Dithmenos
Elyvilon
Fedhas
Gozag
Hepliaklqana
Kikubaaqudgha
Makhleb
Nemelex Xobeh
Okawaru
Qazlal
Ru
Sif Muna
Trog
Uskayaw
Vehumet
Wu Jian
Xom
Yredelemnul
Zin
The Shining One

Shops:
D:5 (   D:9 ?   D:10 *

Annotations:
D:3 1 runed translucent door, Kurtz's ghost, amateur NaDe
D:9 3 runed translucent doors, amoryguerra's ghost, novice MiBe

..P(.....### ......P....#
........>.>## ......P.#...##
.............###
..........#....##
.........#......#
........P##.#...###
.#.##...###..+##@.##
#.##....##.....##D.## *
###....##.#...#.#...## ##### ,# #
#...###.....#.#....#####...###.
#...###...⌠.#.#................
###...P##........................
.#......#.#.....#................
........##.......................
.........##.+###.................


You could see a ten-headed hydra.


Message History

The nine-headed hydra bites you but does no damage.
You block the nine-headed hydra's attack. x2
The nine-headed hydra bites you but does no damage.
The nine-headed hydra barely misses you.
The nine-headed hydra completely misses you.
The nine-headed hydra bites you but does no damage.
You block the nine-headed hydra's attack.
The nine-headed hydra bites you!
* * * LOW HITPOINT WARNING * * *
You claw one of the nine-headed hydra's heads off!
The eight-headed hydra grows two more!
You claw the ten-headed hydra! You kick the ten-headed hydra.
The ten-headed hydra is heavily wounded.
You barely miss the ten-headed hydra. You kick the ten-headed hydra.
The ten-headed hydra is heavily wounded.
The ten-headed hydra bites you.
* * * LOW HITPOINT WARNING * * *
The ten-headed hydra barely misses you.
The ten-headed hydra closely misses you.
The ten-headed hydra barely misses you.
The ten-headed hydra closely misses you. x2
The ten-headed hydra bites you!
* * * LOW HITPOINT WARNING * * *
The ten-headed hydra bites you.
* * * LOW HITPOINT WARNING * * *
The ten-headed hydra bites you!
* * * LOW HITPOINT WARNING * * *
The ten-headed hydra bites you!
You die...
Xom thinks this is hilarious!

Skill      XL: |  1  2  3  4  5  6  7  8  9 10 11 12 13 |
---------------+----------------------------------------+-----
Unarmed Combat | 4 5 7 8 9 12 14 15 16 18 | 18.3
Dodging        | 3 |  3.1
Shields        | 2 6 9 |  9.0
Fighting       | 6 7 |  7.4

Action                     |  1- 3 |  4- 6 |  7- 9 | 10-12 | 13-15 || total
---------------------------+-------+-------+-------+-------+-------++-------
  Melee: Unarmed           |    72 |   178 |   330 |   613 |    54 ||  1247
         Punch             |     2 |     4 |    15 |       |       ||    21
         Peck              |       |     9 |    43 |    65 |       ||   117
         Kick              |       |       |     1 |   182 |    21 ||   204
  Throw: Dart              |       |     2 |       |       |       ||     2
  Evoke: Wand              |       |       |       |     1 |     6 ||     7
    Use: Scroll            |     3 |     4 |    12 |     4 |     1 ||    24
         Potion            |       |     3 |     5 |     9 |       ||    17
   Stab: Sleeping          |     1 |     2 |     1 |     1 |       ||     5
         Distracted        |       |       |       |     1 |       ||     1
         Confused          |       |       |       |     2 |       ||     2
         Petrifying        |       |       |       |     2 |       ||     2
         Petrified         |       |       |       |     1 |       ||     1
 Armour: Robe              |    32 |   133 |   240 |   337 |    41 ||   783
  Dodge: Dodged            |    24 |    80 |   181 |   208 |    28 ||   521
  Block: Kite shield       |       |       |     8 |   245 |    23 ||   276

Levels and vault maps discovered:
D:1:      ebering_trefoil_twist, layout_loops_ring,
          dreamdust_ecumenical_altar_drowned_temple
D:2:      layout_loops_ring, basic_altar, uniq_natasha
D:3:      minmay_chambers_of_threes, layout_loops_ring, gammafunk_ghost_grave
D:4:      minmay_goblin_kobold_castle, layout_loops_ring, temple_doors_e
D:5:      layout_basic, serial_shops, shop, enter_ossuary_2
D:6:      hellmonk_crumbling_castle, layout_cave_pools, jmf_multi_god_temple,
          serial_gnoll_camp, gnoll_camp_huts_basic, gnoll_camp_mini_sergeant,
          gnoll_camp_mini_doghouse, gnoll_camp_mini_hut, grums_kennel,
          gnoll_camp_mini_doghouse, cheibrodos_sewer_entry_bend, uniq_edmund,
          uniq_pikel
D:7:      layout_loops_ring, minmay_misc_feat_rugged, uniq_prince_ribbit1
D:8:      layout_loops_cross, st_stairs_12, serial_bayou_pond_e,
          kennysheep_minor_cross, minmay_stone_trees_large,
          minmay_misc_feat_columns, minmay_liquid_box, serial_bayou_pond_a,
          uniq_grum
D:9:      layout_roguey, nicolae_yredelemnul_ghost_church, zombieorc2_lemuel,
          serial_shops, nicolae_shop_rolled_up, minivault_24
D:10:     layout_roguey [special_room_bee], serial_shops, shop
D:11:     kennysheep_big_flooded_room, layout_irregular_city,
          erik_lair_orcish_takeover
Temple:   hellmonk_temple_of_storms
Lair:1:   layout_gridlike
Lair:2:   layout_misc_corridors, nicolae_shoals_entry_flooding,
          nicolae_snake_entry_squirm
Lair:3:   layout_hall_layers, serial_bayou_shore_a, serial_bayou_shore_b,
          lemuel_fruit_tree, infiniplex_staircase_pool_2, grunt_megastairs_1
Lair:4:   layout_cave_pods, dpeg_slime_entry_corner, serial_bayou_shore_b

Notes
Turn   | Place    | Note
-------+----------+-------------------------------------------
     0 | D:1      | demibob the Troll Chaos Knight began the quest for the Orb.
     0 | D:1      | Reached XP level 1. HP: 22/22 MP: 0/0
   109 | D:1      | Found a faded altar of an unknown god.
   183 | D:1      | Reached XP level 2. HP: 29/29 MP: 1/1
   211 | D:1      | XOM: silly message
   271 | D:1      | Reached skill level 4 in Unarmed Combat
   442 | D:1      | XOM: silly message
   635 | D:2      | Reached XP level 3. HP: 36/36 MP: 2/2
   637 | D:2      | Found a sacrificial altar of Ru.
   690 | D:2      | Identified the +0 ring mail "Xaet" {rF- rC++ rN+ Will+}
   754 | D:2      | Noticed Natasha
   762 | D:2      | Killed Natasha
   844 | D:2      | Reached XP level 4. HP: 44/44 MP: 3/3
   858 | D:2      | Reached skill level 5 in Unarmed Combat
   876 | D:2      | Noticed Natasha
   885 | D:2      | Killed Natasha
  1057 | D:2      | Identified the +0 robe "Iburph" {rC++ Str+2 Slay+3}
  1284 | D:2      | Noticed Natasha
  1294 | D:2      | Killed Natasha
  1295 | D:2      | Reached XP level 5. HP: 21/50 MP: 4/4
  1537 | D:3      | Reached skill level 6 in Unarmed Combat
  1683 | D:3      | XOM: cloud trail
  1713 | D:3      | XOM: give mutations
  1713 | D:3      | Gained mutation: Your mind is acute. (Int +4, Str/Dex -1)
                  | [Xom's grace]
  1713 | D:3      | Gained mutation: You are covered in thick fur. (AC +2)
                  | [Xom's grace]
  1742 | D:3      | XOM: scenery: summon butterflies
  1825 | D:3      | XOM: 7-stop teleportation journey
  1851 | D:3      | XOM: 1-stop teleportation journey
  2028 | D:3      | Found a runed translucent door.
  2029 | D:3      | Noticed Kurtz's ghost (amateur NaDe)
  2071 | D:3      | XOM: god gift: staff of cold
  2077 | D:3      | XOM: god gift: 50 gold pieces
  2156 | D:3      | XOM: scenery: create altars
  2288 | D:4      | XOM: cloud trail
  2305 | D:4      | XOM: smoke on damage
  2354 | D:4      | XOM: divination: magic mapping
  2383 | D:4      | XOM: give mutations
  2383 | D:4      | Gained mutation: Your system is resistant to poisons.
                  | (rPois) [Xom's grace]
  2383 | D:4      | Gained mutation: You have a beak for a mouth. [Xom's grace]
  2389 | D:4      | XOM: scenery: 2 doors open
  2390 | D:4      | XOM: destruction
  2440 | D:4      | Noticed a black bear
  2447 | D:4      | Killed a black bear
  2448 | D:4      | Reached skill level 7 in Unarmed Combat
  2448 | D:4      | Reached XP level 6. HP: 59/59 MP: 5/5
  2551 | D:4      | XOM: cast spell 'Summon Ice Beast'
  2708 | D:4      | Reached skill level 8 in Unarmed Combat
  2715 | D:4      | Reached XP level 7. HP: 48/66 MP: 6/6
  2937 | D:4      | Found a staircase to the Ecumenical Temple.
  3055 | D:4      | XOM: silly message
  3364 | D:4      | XOM: divination: detect creatures
  3396 | D:4      | XOM: silly message
  3422 | Temple   | Entered the Ecumenical Temple
  3437 | D:5      | Entered Level 5 of the Dungeon
  3483 | D:5      | XOM: potion effect (brilliance)
  3524 | D:5      | Found Eteuleceodd's Antique Weapon Boutique.
  3680 | D:5      | XOM: smoke on damage
  3681 | D:5      | XOM: destruction
  3687 | D:5      | XOM: polymorph orc -> ball python
  3689 | D:5      | Reached skill level 9 in Unarmed Combat
  3770 | D:5      | XOM: give mutations
  3770 | D:5      | Lost mutation: Your mind is acute. (Int +4, Str/Dex -1)
                  | [Xom's mischief]
  3770 | D:5      | Gained mutation: You occasionally lose the ability to drink
                  | potions when taking damage. [Xom's mischief]
  3836 | D:5      | XOM: scenery: 2 doors open
  3993 | D:5      | Found a sand-covered staircase.
  3998 | Ossuary  | XOM: noise
  3998 | Ossuary  | Entered an ossuary
  4115 | Ossuary  | XOM: summons 7 friendly demons
  4120 | Ossuary  | Reached XP level 8. HP: 73/74 MP: 7/7
  4357 | D:6      | Noticed Edmund
  4382 | D:6      | Noticed Pikel
  4386 | D:6      | Reached skill level 10 in Unarmed Combat
  4390 | D:6      | Killed Edmund
  4401 | D:6      | Killed Pikel
  4402 | D:6      | Reached skill level 11 in Unarmed Combat
  4528 | D:6      | Reached skill level 12 in Unarmed Combat
  4536 | D:6      | Reached XP level 9. HP: 67/80 MP: 8/8
  4627 | D:6      | Found an iron altar of Okawaru.
  4631 | D:6      | Found an ornate altar of the Wu Jian Council.
  4859 | D:6      | Reached skill level 13 in Unarmed Combat
  4893 | D:6      | XOM: divination: magic mapping
  4932 | D:6      | Found a glowing drain.
  4942 | Sewer    | Entered a sewer
  4944 | Sewer    | XOM: god gift: 48 gold pieces
  5044 | Sewer    | Found an ancient bone altar of Kikubaaqudgha.
  5130 | Sewer    | Noticed Grinder
  5130 | Sewer    | Grinder changed into Grinder the lemure
  5130 | Sewer    | Noticed Grinder
  5130 | Sewer    | XOM: polymorph Grinder -> Grinder the lemure
  5139 | Sewer    | Killed Grinder the lemure
  5278 | D:6      | Reached skill level 2 in Dodging
  5293 | D:6      | Noticed Grum
  5298 | D:6      | Killed Grum
  5314 | D:6      | XOM: divination: detect items
  5405 | D:6      | Reached skill level 3 in Dodging
  5456 | D:6      | XOM: enchant monster (good)
  5646 | D:6      | Reached skill level 1 in Shields
  5734 | D:6      | XOM: potion effect (haste)
  5801 | D:6      | Lost mutation: You are covered in thick fur. (AC +2)
                  | [potion of mutation]
  5801 | D:6      | Lost mutation: You occasionally lose the ability to drink
                  | potions when taking damage. [potion of mutation]
  5801 | D:6      | Gained mutation: Your flesh is cold resistant. (rC+)
                  | [potion of mutation]
  5801 | D:6      | Gained mutation: You have large cloven feet. [potion of
                  | mutation]
  5969 | D:7      | Got a foxed book
  6067 | D:7      | Reached skill level 2 in Shields
  6067 | D:7      | Reached skill level 14 in Unarmed Combat
  6067 | D:7      | Reached XP level 10. HP: 62/88 MP: 9/9
  6122 | D:7      | Noticed Prince Ribbit
  6136 | D:7      | Killed Prince Ribbit
  6245 | D:7      | Reached skill level 3 in Shields
  6462 | D:7      | Identified 2 potions of resistance
  6608 | D:8      | XOM: cleaving
  6629 | D:8      | XOM: polymorph hornet -> tengu
  6634 | D:8      | Reached skill level 4 in Shields
  6658 | D:8      | XOM: scenery: summon butterflies
  6734 | D:8      | XOM: cloud trail
  6810 | D:8      | XOM is BORED!
  6810 | D:8      | XOM: noise
  6886 | D:8      | XOM: scenery: summon butterflies
  6993 | D:8      | XOM: god gift: book of Cantrips
  7267 | D:9      | XOM: destruction
  7268 | D:9      | XOM: 3-stop teleportation journey
  7477 | D:9      | Identified the +8 long sword of the Gazing Gods {drain,
                  | Str+4 Int+5 Stlth+}
  7567 | D:9      | Found a runed translucent gate.
  7567 | D:9      | Found a runed translucent gate.
  7567 | D:9      | Found a runed translucent gate.
  7567 | D:9      | Noticed amoryguerra's ghost (novice MiBe)
  7569 | D:9      | Found a basalt altar of Yredelemnul.
  7577 | D:9      | Reached skill level 5 in Shields
  7626 | D:9      | XOM: summons 10 friendly demons
  7701 | D:9      | Found a staircase to the Orcish Mines.
  7704 | D:9      | XOM: divine lightning
  7732 | D:9      | XOM: butterfly on damage
  7733 | D:9      | XOM: polymorph butterfly -> adder
  7745 | D:9      | Reached skill level 15 in Unarmed Combat
  7883 | D:9      | XOM: god gift: book of Touch
  7952 | D:9      | Found Cistiofi's Magic Scroll Boutique.
  7955 | D:9      | Bought a scroll of enchant armour for 105 gold pieces
  7955 | D:9      | Bought a scroll of identify for 28 gold pieces
  8060 | D:10     | Entered Level 10 of the Dungeon
  8077 | D:10     | XOM: cleaving
  8092 | D:10     | XOM: enchant monster (bad)
  8093 | D:10     | Reached skill level 6 in Shields
  8133 | D:10     | You fall into a shaft and drop 1 floor!
  8212 | D:11     | Reached XP level 11. HP: 94/94 MP: 10/10
  8221 | D:11     | XOM: noise
  8280 | D:11     | XOM: 1-stop teleportation journey
  8312 | D:11     | XOM: chaos upgrade
  8404 | D:11     | Found a staircase to the Lair.
  8469 | D:10     | XOM: divination: detect creatures
  8574 | D:10     | XOM: confusion (+ monsters)
  8592 | D:10     | Reached skill level 7 in Shields
  8790 | D:10     | XOM: enchant monster (bad)
  8856 | D:10     | XOM: potion effect (brilliance)
  9077 | D:10     | Found Pakkuer's General Store.
  9208 | D:11     | Reached skill level 16 in Unarmed Combat
  9337 | D:11     | Reached skill level 8 in Shields
  9645 | D:11     | XOM: silly message
  9690 | D:11     | XOM: smoke on damage
  9720 | D:11     | XOM: swap monsters
  9733 | D:11     | XOM: give mutations
  9733 | D:11     | Gained mutation: You heal very quickly. [Xom's mischief]
  9733 | D:11     | Gained mutation: You are frail. (-10% HP) [Xom's mischief]
  9733 | D:11     | Gained mutation: You are partially covered in iridescent
                  | scales. (AC +2) [Xom's mischief]
  9733 | D:11     | Lost mutation: You are partially covered in iridescent
                  | scales. (AC +2) [Xom's mischief]
  9756 | D:11     | XOM: smoke on damage
  9892 | Lair:1   | Entered Level 1 of the Lair of Beasts
  9941 | Lair:1   | XOM: give mutations
  9941 | Lair:1   | Gained mutation: You have an increased reservoir of magic.
                  | (+10% MP) [Xom's mischief]
  9941 | Lair:1   | Gained mutation: You are very frail. (-20% HP) [Xom's
                  | mischief]
  9941 | Lair:1   | Lost mutation: You have a beak for a mouth. [Xom's
                  | mischief]
 10012 | Lair:1   | XOM: enchant monster (bad)
 10016 | Lair:1   | XOM: confusion (+ monsters)
 10021 | Lair:1   | XOM: 1-stop teleportation journey
 10067 | Lair:1   | XOM: give mutations
 10067 | Lair:1   | Lost mutation: You have an increased reservoir of magic.
                  | (+10% MP) [Xom's mischief]
 10067 | Lair:1   | Lost mutation: Your system is resistant to poisons. (rPois)
                  | [Xom's mischief]
 10067 | Lair:1   | Gained mutation: You possess an exceptional clarity of
                  | mind. [Xom's mischief]
 10067 | Lair:1   | Gained mutation: Your spells are a little harder to cast,
                  | but a little more powerful. [Xom's mischief]
 10286 | Lair:1   | Reached skill level 9 in Shields
 10335 | Lair:1   | Reached XP level 12. HP: 63/83 MP: 11/11
 10340 | Lair:1   | XOM: noise
 10384 | Lair:1   | XOM: enchant monster (good)
 10385 | Lair:1   | XOM: fake destruction
 10394 | Lair:1   | XOM: enchant monster (good)
 10397 | Lair:1   | XOM: divine lightning
 10420 | Lair:1   | Reached skill level 3 in Fighting
 10739 | Lair:2   | Noticed a five-headed hydra
 10746 | Lair:2   | XOM: confuse monster(s)
 10754 | Lair:2   | Killed a nine-headed hydra
 10755 | Lair:2   | XOM: swap monsters
 10769 | Lair:2   | Reached skill level 17 in Unarmed Combat
 10920 | Lair:2   | Reached skill level 4 in Fighting
 11026 | Lair:2   | XOM: polymorph wyvern -> warg
 11033 | Lair:2   | Reached skill level 5 in Fighting
 11141 | Lair:2   | XOM: potion effect (might)
 11145 | Lair:2   | XOM: potion effect (might)
 11242 | Lair:2   | XOM: noise
 11264 | Lair:2   | XOM: cloud trail
 11299 | Lair:2   | XOM: blink monster(s)
 11306 | Lair:2   | Reached skill level 6 in Fighting
 11306 | Lair:2   | You fall into a shaft and drop 2 floors!
 11582 | Lair:3   | XOM: enchant monster (good)
 11595 | Lair:3   | XOM: enchant monster (bad)
 11609 | Lair:3   | Reached skill level 18 in Unarmed Combat
 11786 | Lair:2   | XOM: summons 7 hostile demons
 11797 | Lair:2   | XOM: butterfly on damage
 11797 | Lair:2   | HP: 8/92 [sun demon[Xom] (16)]
 11897 | Lair:3   | XOM: noise
 11901 | Lair:3   | Reached XP level 13. HP: 81/98 MP: 12/12
 11904 | Lair:3   | XOM: divination: magic mapping
 11913 | Lair:3   | Reached skill level 7 in Fighting
 11999 | Lair:3   | XOM: summons 3 friendly demons
 12007 | Lair:3   | XOM: divination: detect items
 12336 | Lair:3   | HP: 1/99 [ten-headed hydra (14)]
 12336 | Lair:3   | Mangled by a ten-headed hydra

Vanquished Creatures
  A hydra (Lair:2)
  A skyshark (Lair:2)
  A fire crab (Lair:3)
  Pikel (D:6)
  A cyclops (D:11)
  13 elephants
  2 water nymphs (Lair:2)
  2 black mambas
  A molten gargoyle (D:11)
  4 cane toads
  2 unseen horror zombies (D:9)
  An unseen horror (D:11)
  A rime drake (Lair:2)
  2 komodo dragons
  An efreet (D:11)
  A freezing wraith (D:11)
  A queen bee (D:10)
  2 polar bears
  7 dream sheep (Lair:2)
  A hornet (D:7)
  7 blink frogs
  Prince Ribbit (D:7)
  28 yaks
  2 shadows (D:9)
  3 wraiths
  4 wyverns
  3 basilisks
  A steam dragon (D:6)
  Grum (D:6)
  An acid dragon (D:11)
  4 wargs
  Edmund (D:6)
  8 water moccasins
  3 black bears
  An orc warrior (D:7)
  2 ice beasts
  An ogre (D:6)
  A tengu (D:8)
  7 wolves
  2 centaurs
  2 lemures
  3 phantoms
  3 kobold brigands
  9 bullfrogs
  A scorpion (D:6)
  3 gnoll sergeants (D:6)
  6 wights
  3 troll zombies (D:9)
  34 killer bees
  5 howler monkeys
  6 lava snakes (D:11)
  A human zombie (Ossuary)
  16 hounds
  A jelly (D:4)
  7 orc priests
  4 gnoll boudas
  2 centaur zombies (Ossuary)
  2 iguanas (D:5)
  20 orc wizards
  Natasha (thrice) (D:2)
  5 ogre zombies (D:9)
  2 mummies (Ossuary)
  35 gnolls
  8 adders
  2 shadow imps (Sewer)
  A white imp (D:7)
  3 ufetubi
  7 worms
  2 dart slugs
  34 orcs
  9 ball pythons
  5 endoplasms
  6 giant cockroaches
  5 goblins
  10 hobgoblins
  11 jackals
  10 quokkas
  6 bats
  4 frilled lizards
  A giant cockroach zombie (Sewer)
  A goblin skeleton (D:9)
  3 goblin zombies
  A hobgoblin skeleton (D:9)
  3 hobgoblin zombies
  81 kobolds
  4 kobold zombies
  5 orc skeletons (D:9)
  13 orc zombies
  9 rats
  A spectral kobold (D:1)
545 creatures vanquished.

Vanquished Creatures (collateral kills)
  A yak (Lair:1)
  A gnoll (D:4)
  2 kobolds (D:4)
4 creatures vanquished.

Vanquished Creatures (others)
  2 yaks (Lair:1)
  An adder (D:4)
  An orc (D:11)
  2 orc zombies (D:9)
6 creatures vanquished.

Grand Total: 555 creatures vanquished

Table legend: (Time is in decaauts)
 A = Elapsed time spent in this place.
 B = Non-inter-level travel time spent in this place.
 C = Inter-level travel time spent in this place.
 D = Time resting spent in this place.
 E = Time spent auto-exploring this place.
 F = Levels seen in this place.
 G = Mean time per level.
                   A        B        C        D        E       F      G
               +--------+--------+--------+--------+--------+-----+--------+
         Total |  12054 |  11642 |    412 |    268 |   8626 |  18 |  669.7 |
       Dungeon |   9233 |   8879 |    354 |    168 |   6735 |  11 |  839.4 |
        Temple |      1 |      1 |      0 |      0 |      0 |   1 |    1.0 |
          Lair |   2340 |   2283 |     57 |    100 |   1632 |   4 |  585.0 |
         Sewer |    274 |    274 |      0 |      0 |    141 |   1 |  274.0 |
       Ossuary |    204 |    204 |      0 |      0 |    118 |   1 |  204.0 |
               +--------+--------+--------+--------+--------+-----+--------+

Top non-repeatable levels by time:
     D:4: 1143 daAuts
     D:6: 1138 daAuts
    D:11: 1093 daAuts
     D:3: 834 daAuts
     D:2: 803 daAuts
     D:9: 790 daAuts
  Lair:1: 780 daAuts
     D:8: 762 daAuts
  Lair:2: 720 daAuts
    D:10: 715 daAuts
     D:5: 700 daAuts
     D:7: 646 daAuts
     D:1: 604 daAuts
  Lair:3: 586 daAuts
   Sewer: 274 daAuts

Table legend:
 A = Non-vault XP
 B = Vault XP
 C = Vault XP percentage of total XP
 D = Non-vault monster count
 E = Vault monster count
 F = Vault count percentage of total count
                 A         B        C        D         E       F
            +---------+---------+-------+---------+---------+-------
      Total |   31758 |   11113 |  25.9 |     303 |     245 |  44.7
            +---------+---------+-------+---------+---------+-------
        D:1 |      39 |       1 |   2.5 |      23 |       1 |   4.2
        D:2 |     127 |      35 |  21.6 |      23 |       1 |   4.2
        D:3 |      29 |      43 |  59.7 |      12 |      12 |  50.0
        D:4 |     296 |     295 |  49.9 |      18 |      51 |  73.9
        D:5 |     429 |       0 |   0.0 |      22 |       0 |   0.0
        D:6 |    1064 |    2451 |  69.7 |      18 |      50 |  73.5
        D:7 |    1087 |     246 |  18.5 |      25 |       1 |   3.8
        D:8 |     935 |       3 |   0.3 |      17 |       1 |   5.6
        D:9 |     939 |    1385 |  59.6 |      27 |      36 |  57.1
       D:10 |    2033 |    1935 |  48.8 |      18 |      27 |  60.0
       D:11 |    2111 |    1262 |  37.4 |      17 |       8 |  32.0
     Lair:1 |    6500 |       0 |   0.0 |      25 |       0 |   0.0
     Lair:2 |    8393 |     860 |   9.3 |      35 |       2 |   5.4
     Lair:3 |    6845 |    1990 |  22.5 |      20 |       7 |  25.9
     Lair:4 |     931 |       0 |   0.0 |       3 |       0 |   0.0
      Sewer |       0 |     432 | 100.0 |       0 |      38 | 100.0
    Ossuary |       0 |     175 | 100.0 |       0 |      10 | 100.0
            +---------+---------+-------+---------+---------+-------
